 Dungeon Crawl Stone Soup version 0.20-a0-950-g92a50c4 (webtiles) character file.

438 Da5id the Insei (level 7, -2/36 HPs)
             Began as a Vine Stalker Monk on Apr 4, 2017.
             Slain by a sky beast (3 damage)
             ... on level 5 of the Dungeon.
             The game lasted 00:03:43 (3659 turns).

Da5id the Insei (Vine Stalker Monk)                 Turns: 3659, Time: 00:03:44

Health: -2/36      AC:  4    Str: 14    XL:     7   Next: 1%
Magic:  0/8        EV: 14    Int: 12    God:
Gold:   150        SH:  4    Dex: 16    Spells: 6/6 levels left

rFire    . . .     SeeInvis .     - Unarmed
rCold    . . .     Gourm    .   (no shield)
rNeg     . . .     Faith    .   a - +0 robe
rPois    .         Spirit   +   (no helmet)
rElec    .         Reflect  +   x - +0 cloak
rCorr    .         Harm     .   d - +0 pair of gloves
MR       .....                  (no boots)
Stlth    +++.......             t - +4 amulet of reflection
Regen    0.6/turn               u - ring of flight
MPRegen  0.2/turn               (no ring)

@: lethally poisoned (-2 -> -2)
A: fangs 2, regeneration 1, magic shield, antimagic bite, no potion heal 3, rot
immunity
a: Evoke Flight


You were on level 5 of the Dungeon.
You were not hungry.

You visited 1 branch of the dungeon, and saw 5 of its levels.

You collected 150 gold pieces.

Inventory:

Armour
 a - a +0 robe (worn)
 d - a +0 pair of gloves (worn)
 x - a +0 cloak (worn)
Jewellery
 t - a +4 amulet of reflection (around neck)
 u - a ring of flight (left hand)
 y - an uncursed amulet of harm {unknown}
Scrolls
 f - a scroll of amnesia {unknown}
 g - a scroll of fog {unknown}
 i - 3 scrolls of teleportation {unknown}
 l - 4 scrolls of identify {unknown}
 n - 4 scrolls of recharging {unknown}
 o - 2 scrolls of immolation {unknown}
 r - 3 scrolls of magic mapping {unknown}
 s - a scroll of remove curse {unknown}
Potions
 e - a potion of haste {unknown}
 h - 2 potions of lignification {unknown}
 j - 3 potions of ambrosia {unknown}
 m - a potion of curing {unknown}
 p - a potion of flight {unknown}
 q - a potion of brilliance {unknown}
 v - a potion of degeneration {unknown}
 z - a potion of berserk rage {unknown}
Comestibles
 b - 5 bread rations
 c - 2 chunks of flesh
 k - 5 meat rations
 w - 8 fruits
 A - a royal jelly


   Skills:
 - Level 3.6 Fighting
 - Level 3.2 Dodging
 - Level 4.8 Stealth
 + Level 6.9 Unarmed Combat


You had 6 spell levels left.
You didn't know any spells.

Dungeon Overview and Level Annotations

Branches:
Dungeon (5/15)
 Temple: D:4-7

Altars:
Fedhas
Hepliaklqana
Kikubaaqudgha
Nemelex Xobeh
Wu Jian
Xom
Yredelemnul
Zin


Innate Abilities, Weirdness & Mutations

You have extremely sharp teeth.
Your natural rate of healing is unusually fast.
When hurt, damage is shared between your health and your magic reserves.
Your bite disrupts and absorbs the magic of your enemies.
Potions cannot restore your health.
You are immune to rotting.


Message History

The sky beast is lightly wounded.
You feel sick.
The sky beast hits you but does no damage.
You hit the sky beast. Your bite misses the sky beast.
The sky beast is lightly wounded.
The sky beast flickers out of sight!
Deactivating autopickup; reactivate with Ctrl-A.
Something hits you but does no damage.
You hit something. Something hits you but does no damage.
You miss something. Your bite misses something. Something hits you.
Something shocks you.
You miss something. Something hits you.
* * * LOW HITPOINT WARNING * * *
Something shocks you.
* * * LOW HITPOINT WARNING * * *
You punch something!
You feel sick. Something hits you. Something shocks you.
* * * LOW HITPOINT WARNING * * *
You hit something. Your bite misses something. You closely miss something.
Something hits you.
You die...

# $. ... ##### ....
##...## ..... .
##.....#######......
..
#.†........{@.......
...
#........#####......
....##.......##
..... ........<...##
##.. ....#.......# .
... #....)...#
.............#
##......>...#
.....#.....##


There were no monsters in sight!

Vanquished Creatures
  A bullfrog (D:4)
  A howler monkey (D:4)
  2 hounds
  An orc wizard (D:4)
  3 worker ants
  6 adders
  2 oozes
  4 dart slugs
  A worm (D:3)
  2 leopard geckos
  16 orcs
  A ball python (D:4)
  7 bats
  9 giant cockroaches
  2 hobgoblins
  6 jackals
  A quokka (D:4)
  7 frilled lizards
  4 goblins
  5 kobolds
  A leopard gecko skeleton (D:4)
  A quokka skeleton (D:4)
  12 rats
95 creatures vanquished.

Notes
Turn   | Place    | Note
-------+----------+-------------------------------------------
     0 | D:1      | Da5id the Vine Stalker Monk began the quest for the Orb.
     0 | D:1      | Reached XP level 1. HP: 12/12 MP: 2/2
    28 | D:1      | Reached skill level 1 in Unarmed Combat
   180 | D:1      | Reached XP level 2. HP: 16/16 MP: 1/3
   370 | D:1      | Reached skill level 2 in Unarmed Combat
   653 | D:2      | Found a glowing silver altar of Zin.
   850 | D:2      | Reached XP level 3. HP: 18/20 MP: 2/4
  1006 | D:2      | Reached skill level 3 in Unarmed Combat
  1407 | D:2      | Gained mutation: Your natural rate of healing is unusually fast. [Vine Stalker growth]
  1407 | D:2      | Reached XP level 4. HP: 17/25 MP: 2/5
  1589 | D:2      | Found a blossoming altar of Fedhas.
  1593 | D:2      | Found an ancient bone altar of Kikubaaqudgha.
  1658 | D:2      | Found a basalt altar of Yredelemnul.
  1728 | D:2      | Reached skill level 4 in Unarmed Combat
  1729 | D:2      | Found a sparkling altar of Nemelex Xobeh.
  1903 | D:3      | Found a faded altar of an unknown god.
  2134 | D:3      | Reached XP level 5. HP: 25/28 MP: 6/6
  2719 | D:4      | Reached skill level 5 in Unarmed Combat
  2775 | D:4      | Reached XP level 6. HP: 14/32 MP: 7/7
  2795 | D:4      | Reached skill level 6 in Unarmed Combat
  3312 | D:4      | Found an ornate altar of the Wu Jian Council.
  3355 | D:4      | Found a shimmering altar of Xom.
  3598 | D:4      | Found a hazy altar of Hepliaklqana.
  3627 | D:5      | Entered Level 5 of the Dungeon
  3627 | D:5      | Noticed a sky beast
  3649 | D:5      | Reached XP level 7. HP: 12/36 MP: 8/8
  3657 | D:5      | HP: 1/36 [something (4)]
  3659 | D:5      | Slain by a sky beast

Vault maps used:
D:1:      dpeg_arrival_ratfight
D:2:      grunt_temple_overflow_growth_and_decay,
          nicolae_overflow_hidden_temple, nemelex_xobeh_ov_fountains_minmay,
          old_standard_altar
D:3:      chequers_ecumenical_altar_twisty
D:4:      kennysheep_mini_moat, marbit_many_paths, kennysheep_mini, first_bread,
          grunt_ministairs_14
D:5:      tso_altar, led_sif_pool, bloody_trog

Skill      XL: |  1  2  3  4  5  6 |
---------------+-------------------+-----
Unarmed Combat | 1 2 3 4 5 6 |  6.9
Fighting       | |  3.6
Dodging        | |  3.2
Stealth        | |  4.8

Action                   |  1- 3 |  4- 6 |  7- 9 || total
-------------------------+-------+-------+-------++-------
Melee: Unarmed           |    97 |   185 |     9 ||   291
       Bite              |    28 |    58 |     2 ||    88
       Punch             |       |     5 |       ||     5
 Stab: Sleeping          |     7 |    12 |       ||    19
       Distracted        |       |     3 |       ||     3
  Eat: Chunk             |     2 |     7 |       ||     9
Armor: Robe              |    16 |    27 |     3 ||    46
Dodge: Dodged            |    51 |   109 |     1 ||   161
Block: Other             |       |     6 |       ||     6
       Reflection        |       |     1 |       ||     1
